 Dungeon Sprint DCSS version 0.26-a0-1026-g544776af23 (webtiles) character file.

Game seed: 555756681650222767

1631 sahdkjhfkaj the Destroyer (level 8, -4/41 HPs)
             Began as a Tengu Air Elementalist on Dec 9, 2020.
             Was a Priest of Vehumet.
             Slain by an eight-headed hydra (11 damage)
             ... in the Dungeon (Sprint IX: "|||||||||||||||||||||||||||||").
             The game lasted 00:01:40 (741 turns).

sahdkjhfkaj the Destroyer (Tengu Air Elementalist)   Turns: 741, Time: 00:01:41

Health: -4/41      AC:  7    Str:  8    XL:     8   Next: 98%
Magic:  4/23       EV: 15    Int: 17    God:    Vehumet [***...]
Gold:   0          SH:  0    Dex: 16    Spells: 17/27 levels left

rFire    . . .     SeeInvis .   k - +2 scimitar (elec)
rCold    . . .     Faith    .   (no shield)
rNeg     . . .     Spirit   .   a - +0 robe
rPois    .         Reflect  .   (helmet restricted)
rElec    .         Harm     .   l - +0 cloak
rCorr    .         Rampage  .   (no gloves)
Will     .....     NoTele   +   (boots unavailable)
Stlth    ++........             (no amulet)
HPRegen  0.13/turn              p - +2 ring of protection
MPRegen  0.18/turn              P - +2 ring of protection

@: flying quickly and evasively, quick
A: beak, talons 3, able to fly
a: Stop Flying, Renounce Religion


You were in the Dungeon.
You worshipped Vehumet.
Vehumet was most pleased with you.
You visited 1 branch

Inventory:

Hand Weapons
 k - a +2 scimitar of electrocution (weapon)
Armour
 a - a +0 robe (worn)
 l - a +0 cloak (worn)
Jewellery
 p - a +2 ring of protection (left hand)
 P - a +2 ring of protection (right hand)
Wands
 j - a wand of acid (10) {@v2}
Scrolls
 g - 3 scrolls of remove curse {@r2}
 h - 2 scrolls of blinking {@r4}
 i - 2 scrolls of amnesia
Potions
 b - a potion of invisibility
 c - 5 potions of curing {@q1}
 d - a potion of heal wounds {@q2}
 e - a potion of haste {@q3}
 f - 4 potions of magic


   Skills:
 - Level 2.1 Dodging
 - Level 2.0 Stealth
 + Level 10.4 Spellcasting
 + Level 14.4 Conjurations
 + Level 14.3 Air Magic


You had 17 spell levels left.
You knew the following spells:

 Your Spells              Type           Power        Failure   Level
a - Shock                 Conj/Air       ####         0%          1
b - Airstrike             Air            ######....   1%          4
w - Lightning Bolt        Conj/Air       ######....   1%          5

Your spell library contained the following spells:

 Spells                   Type           Power        Failure   Level
 Searing Ray              Conj           ######       1%          2
 Swiftness                Air            ######..     1%          2
 Static Discharge         Conj/Air       ######..     1%          3


Dungeon Overview and Level Annotations

Branches:
Dungeon (1/1)

Altars:
Cheibriados
Dithmenos
Elyvilon
Fedhas
Gozag
Hepliaklqana
Kikubaaqudgha
Makhleb
Nemelex Xobeh
Okawaru
Qazlal
Ru
Sif Muna
Trog
Uskayaw
Vehumet
Wu Jian
Xom
Yredelemnul
Zin
The Shining One
Beogh
Jiyva
Lugonu


Innate Abilities, Weirdness & Mutations

You have a beak for a mouth.
You have claws for feet.
You can fly continuously.


Message History

You don't have enough magic to cast that spell.
You barely miss the sky beast. You barely miss the eight-headed hydra.
The eight-headed hydra is severely wounded.
The eight-headed hydra bites you. The eight-headed hydra bites you!
The eight-headed hydra closely misses you.
The eight-headed hydra bites you!
The eight-headed hydra barely misses you.
The eight-headed hydra closely misses you.
The eight-headed hydra barely misses you. x2
The eight-headed hydra bites you but does no damage.
The eight-headed hydra closely misses you.
The eight-headed hydra barely misses you.
The eight-headed hydra bites you!
* * * LOW HITPOINT WARNING * * *
The eight-headed hydra misses you.
The eight-headed hydra barely misses you.
The eight-headed hydra bites you but does no damage.
The eight-headed hydra bites you!
You die...

▓.▓
▓.▓
▓'▓
▓(▓
▓.▓
▓.▓
▓.▓
▓.▓
▓@▓
▓D▓
▓Y▓
▓)▓
▓.▓
▓.▓
▓)▓
▓.▓


You could see an eight-headed hydra and a sky beast.

Vanquished Creatures
  A centaur warrior (D)
  A cyclops (D)
  An ice beast (D)
  2 phantoms (D)
  An orc warrior (D)
  A centaur (D)
  A bullfrog (D)
  A scorpion (D)
  A howler monkey (D)
  An adder (D)
  2 adder skeletons (D)
  A dart slug (D)
  A bat zombie (D)
  A goblin (D)
  A jackal (D)
  3 frilled lizards (D)
20 creatures vanquished.

Notes
Turn   | Place    | Note
-------+----------+-------------------------------------------
     0 | D        | sahdkjhfkaj the Tengu Air Elementalist began the quest for
                  | the Orb.
     0 | D        | Reached XP level 1. HP: 10/10 MP: 4/4
    44 | D        | Noticed a howler monkey
    44 | D        | Noticed a phantom
    47 | D        | Reached XP level 2. HP: 15/15 MP: 3/6
    50 | D        | Killed a howler monkey
    51 | D        | Reached XP level 3. HP: 19/19 MP: 3/9
    79 | D        | Killed a phantom
    80 | D        | Reached skill level 5 in Spellcasting
    80 | D        | Reached XP level 4. HP: 5/24 MP: 0/12
    80 | D        | Gained mutation: You can fly continuously. [Tengu growth]
    80 | D        | Reached XP level 5. HP: 6/28 MP: 0/13
   205 | D        | Learned a level 5 spell: Lightning Bolt
   316 | D        | Found a roughly hewn altar of Beogh.
   316 | D        | Found a snail-covered altar of Cheibriados.
   316 | D        | Found a shadowy altar of Dithmenos.
   316 | D        | Found a white marble altar of Elyvilon.
   316 | D        | Found a blossoming altar of Fedhas.
   316 | D        | Found an opulent altar of Gozag.
   317 | D        | Found a hazy altar of Hepliaklqana.
   318 | D        | Found a viscous altar of Jiyva.
   319 | D        | Found an ancient bone altar of Kikubaaqudgha.
   320 | D        | Found a corrupted altar of Lugonu.
   321 | D        | Found a burning altar of Makhleb.
   322 | D        | Found a sparkling altar of Nemelex Xobeh.
   323 | D        | Found an iron altar of Okawaru.
   324 | D        | Found a stormy altar of Qazlal.
   325 | D        | Found a sacrificial altar of Ru.
   326 | D        | Found a shimmering blue altar of Sif Muna.
   327 | D        | Found a bloodstained altar of Trog.
   328 | D        | Found a hide-covered altar of Uskayaw.
   329 | D        | Found a radiant altar of Vehumet.
   330 | D        | Found an ornate altar of the Wu Jian Council.
   331 | D        | Found a shimmering altar of Xom.
   332 | D        | Found a basalt altar of Yredelemnul.
   333 | D        | Found a glowing silver altar of Zin.
   334 | D        | Found a glowing golden altar of the Shining One.
   337 | D        | Became a worshipper of Vehumet
   369 | D        | Noticed a phantom
   369 | D        | Noticed a centaur
   371 | D        | Killed a phantom
   371 | D        | Reached * piety under Vehumet
   371 | D        | Offered knowledge of Magic Dart by Vehumet.
   372 | D        | Reached skill level 10 in Conjurations
   372 | D        | Reached XP level 6. HP: 31/32 MP: 3/16
   389 | D        | Reached skill level 10 in Air Magic
   389 | D        | Reached ** piety under Vehumet
   527 | D        | Noticed a cyclops
   527 | D        | Noticed a centaur warrior
   527 | D        | Noticed an eight-headed hydra
   527 | D        | Noticed an ice beast
   527 | D        | Noticed an orc warrior
   527 | D        | Noticed a sky beast
   528 | D        | Killed an orc warrior
   528 | D        | Offered knowledge of Searing Ray by Vehumet.
   529 | D        | Reached XP level 7. HP: 36/36 MP: 12/19
   531 | D        | Killed a cyclops
   531 | D        | Killed a centaur warrior
   531 | D        | Reached *** piety under Vehumet
   532 | D        | Reached skill level 10 in Spellcasting
   532 | D        | Reached XP level 8. HP: 41/41 MP: 4/23
   538 | D        | Learned a level 4 spell: Airstrike
   741 | D        | Slain by an eight-headed hydra

Illustrated notes

Levels and vault maps discovered:
D:        linesprint [early_d, line_temple, items_1, d_10, items_2, lair_1,
          lair_end, items_3, orc_1, orc_end, items_4, d_15, swamp_1, shoals_1,
          snake_1, spider_1, d_20, vaults_1, items_5, swamp_end, shoals_end,
          snake_end, spider_end, vaults_end, d_27, items_6, zot_1, zot_end,
          crypt_end, forest_end, elf_end, slime_end, tomb_end, abyss_end,
          pan_hell_end]

Skill      XL: |  1  2  3  4  5  6  7 |
---------------+----------------------+-----
Conjurations   | 4 6 8 10 11 14 | 14.4
Spellcasting   | 3 5 6 8 10 | 10.4
Air Magic      | 6 8 9 11 14 | 14.3
Dodging        | |  2.1
Stealth        | |  2.0

Action                   |  1- 3 |  4- 6 |  7- 9 || total
-------------------------+-------+-------+-------++-------
Melee: Unarmed           |    16 |       |       ||    16
       Peck              |     5 |       |       ||     5
       Scimitar          |       |     1 |     2 ||     3
 Cast: Shock             |    12 |       |       ||    12
       Lightning Bolt    |       |     4 |     2 ||     6
       Airstrike         |       |       |     5 ||     5
 Abil: Fly               |       |     1 |       ||     1
  Use: Potion            |     2 |       |     1 ||     3
Armor: Robe              |     1 |       |     2 ||     3
Dodge: Dodged            |     5 |     5 |    10 ||    20
       Rpst.: Scimitar   |       |     1 |       ||     1

Table legend: (Time is in decaauts)
 A = Elapsed time spent in this place.
 B = Non-inter-level travel time spent in this place.
 C = Inter-level travel time spent in this place.
 D = Time resting spent in this place.
 E = Time spent auto-exploring this place.
 F = Levels seen in this place.
 G = Mean time per level.
                   A        B        C        D        E       F      G
               +--------+--------+--------+--------+--------+-----+--------+
         Total |    739 |    739 |      0 |    320 |    301 |   1 |  739.0 |
       Dungeon |    739 |    739 |      0 |    320 |    301 |   1 |  739.0 |
               +--------+--------+--------+--------+--------+-----+--------+

Top non-repeatable levels by time:
       D: 739 daAuts
